 Dungeon Crawl Stone Soup version 0.25.0-15-gac7dcb8919 (webtiles) character file.

Game seed: 12490652978739577673

50 Esekla the Magician (level 3, -6/20 HPs)
             Began as a Deep Elf Wanderer on June 29, 2020.
             Mangled by Sigmund
             ... wielding a +0 scythe
              (8 damage)
             ... on level 2 of the Dungeon.
             The game lasted 00:14:39 (1797 turns).

Esekla the Magician (Deep Elf Wanderer)             Turns: 1797, Time: 00:14:39

Health: -6/20      AC:  2    Str:  8    XL:     3   Next: 55%
Magic:  6/11       EV: 11    Int: 18    God:
Gold:   65         SH:  0    Dex: 14    Spells: 4/11 levels left

rFire    + . .     SeeInvis .   c - +0 short sword
rCold    . . .     Gourm    .   (no shield)
rNeg     . . .     Faith    .   d - +0 robe
rPois    .         Spirit   .   (no helmet)
rElec    .         Reflect  .   (no cloak)
rCorr    .         Harm     .   (no gloves)
MR       .....                  (no boots)
Stlth    ++........             (no amulet)
HPRegen  0.06/turn              h - ring of protection from fire
MPRegen  0.12/turn              (no ring)

@: very slightly contaminated
A: no striking features
a: no special abilities


You were on level 2 of the Dungeon.
You were hungry.

You visited 1 branch of the dungeon, and saw 2 of its levels.

You collected 65 gold pieces.

Inventory:

Hand Weapons
 a - a +0 spear
 c - a +0 short sword (weapon)
Missiles
 g - 14 poisoned darts (quivered)
Armour
 b - a +0 pair of boots
 d - a +0 robe (worn)
Jewellery
 h - a ring of protection from fire (left hand)
Scrolls
 i - a scroll of noise {unknown}
 j - 3 scrolls of identify {unknown}
 l - a scroll of enchant weapon {unknown}
 m - a scroll of fear {unknown}
Potions
 e - a potion of magic {unknown}
 k - a potion of resistance {unknown}
 n - a potion of flight {unknown}
Comestibles
 f - 7 rations
 o - a chunk of flesh


   Skills:
 - Level 1.5 Fighting
 + Level 1.8 Stealth
 * Level 4.5 Spellcasting
 * Level 0.3 Conjurations
 * Level 0.4 Hexes
 * Level 0.7 Charms
 + Level 3.4 Air Magic
   Level 2.1 Evocations


You had 4 spell levels left.
You knew the following spells:

 Your Spells              Type           Power        Failure   Level  Hunger
a - Shock                 Conj/Air       ##..         6%          1    None
b - Swiftness             Chrm/Air       ##......     9%          2    #......
c - Corona                Hex            #......      12%         1    None
d - Static Discharge      Conj/Air       ##......     19%         3    ###....

Your spell library contained the following spells:

 Spells                   Type           Power        Failure   Level  Hunger
 Airstrike                Air            ###.......   34%         4    ####...
 Dazzling Flash           Conj/Hex       #.....       36%         3    ###....
 Lightning Bolt           Conj/Air       ##........   87%         5    ######.


Dungeon Overview and Level Annotations

Branches:
Dungeon (2/15)

Altars:

Annotations:
D:2 Sigmund


Message History

Aiming: Shock (safe; 6% risk of failure)
Press: ? - help, Shift-Dir - straight line You miscast Shock.
You are very lightly contaminated with residual magic.
Nothing appears to happen.
Something hits you!
* * * LOW HITPOINT WARNING * * *
Casting: Shock (safe; 6% risk of failure)
Confirm with . or Enter, or press ? or * to list all spells.
Okay, then.
Casting: Shock (safe; 6% risk of failure)
Confirm with . or Enter, or press ? or * to list all spells.
Aiming: Shock (safe; 6% risk of failure)
Press: ? - help, Shift-Dir - straight line The zap hits something.
Casting: Shock (safe; 6% risk of failure)
Confirm with . or Enter, or press ? or * to list all spells.
Aiming: Shock (safe; 6% risk of failure)
Press: ? - help, Shift-Dir - straight line The zap hits something.
Something hits you!
You die...

#.#.########... ########### #...#
##.. #.........# ###.## #..
..#######.# ##...## #.. #.#
####.....#### #.. #.#
#...........# #.. #.#
#.##.....##.# #.. #.#
#.###...###.# #.. #.# #@####.##
#.# #.. #.####...# #.# #.# #..
##########......{.# #.####.####..
............###...# #............
###########.#########.###########
#...........# #############


There were no monsters in sight!

Vanquished Creatures
  An adder (D:2)
  2 oozes
  A dart slug (D:2)
  A leopard gecko (D:2)
  2 giant cockroaches
  5 goblins
  5 hobgoblins
  A quokka (D:2)
  4 bats
  3 frilled lizards
  2 kobolds (D:1)
  2 rats
29 creatures vanquished.

Vanquished Creatures (others)
  An elf (D:1)
  A formicid (D:1)
  2 spriggans (D:1)
  A human (D:1)
  2 ogres (D:1)
  A centaur (D:1)
  3 mummies (D:1)
  An orc (D:1)
  4 tentacles (D:1)
16 creatures vanquished.

Grand Total: 45 creatures vanquished

Notes
Turn   | Place    | Note
-------+----------+-------------------------------------------
     0 | D:1      | Esekla the Deep Elf Wanderer began the quest for the Orb.
     0 | D:1      | Esekla set off with the following items: a +0 spear, a +0
                  | robe, a ration; and the following spells available to
                  | memorise: Shock, Swiftness, Corona, Static Discharge,
                  | Dazzling Flash, Airstrike, Lightning Bolt
     0 | D:1      | Reached XP level 1. HP: 12/12 MP: 6/6
     0 | D:1      | Noticed an elf
     0 | D:1      | Noticed a formicid
     0 | D:1      | Noticed a spriggan
     0 | D:1      | Noticed a kraken
     0 | D:1      | Noticed a spriggan
     0 | D:1      | Noticed a centaur
     0 | D:1      | Noticed a human
     0 | D:1      | Noticed an ogre
     0 | D:1      | Noticed an ogre
     3 | D:1      | Killed an ogre
     4 | D:1      | Learned a level 1 spell: Shock
     4 | D:1      | Killed an ogre
     4 | D:1      | Killed a centaur
     6 | D:1      | Learned a level 1 spell: Corona
     6 | D:1      | Killed a human
     6 | D:1      | Killed an elf
     7 | D:1      | Killed a formicid
     8 | D:1      | Killed a spriggan
     8 | D:1      | Killed a spriggan
   530 | D:1      | Reached XP level 2. HP: 16/16 MP: 6/8
   890 | D:1      | Reached skill level 4 in Spellcasting
  1250 | D:2      | Reached XP level 3. HP: 15/20 MP: 7/10
  1254 | D:2      | Learned a level 2 spell: Swiftness
  1258 | D:2      | Learned a level 3 spell: Static Discharge
  1714 | D:2      | Noticed Sigmund
  1797 | D:2      | Mangled by Sigmund

Illustrated notes

Levels and vault maps discovered:
D:1:      nicolae_arrival_kraken_aquarium_a, layout_basic, minmay_cut_off
D:2:      layout_loops_ring, uniq_sigmund

Skill      XL: |  1  2 |
---------------+-------+-----
Spellcasting   | 4 |  4.5
Fighting       | |  1.5
Stealth        | |  1.8
Conjurations   | |  0.3
Hexes          | |  0.4
Charms         | |  0.7
Air Magic      | |  3.4
Evocations     | |  2.1

Action                   || total
-------------------------++-------
Melee: Spear             ||     5
       Dagger            ||     5
       Short sword       ||    10
Throw: Dart              ||     2
 Cast: Shock             ||    46
  Eat: Chunk             ||     2
Armor: Robe              ||    20
Dodge: Dodged            ||    33
